 Dungeon Crawl Stone Soup version 0.31-a0-702-gf82c85558f (webtiles) character file.

Game seed: 8224580556826053177

222 runemasterragnar the Ruffian (level 5, -7/42 HPs)
             Began as a Vine Stalker Shapeshifter on Sept 8, 2023.
             Was an Initiate of Ru.
             Killed by divine providence
             ... invoked by an orc priest
              (10 damage)
             ... on level 4 of the Dungeon.
             The game lasted 00:02:48 (2303 turns).

runemasterragnar the Ruffian (VSSh)                 Turns: 2303, Time: 00:02:49

Health: -7/42      AC: 22    Str: 19    XL:     5   Next: 99%
Magic:  0/6        EV:  2    Int: 10    God:    Ru [......]
Gold:   178        SH:  0    Dex: 13    Spells: 4/4 levels left

rFire   . .          .
                       - Unarmed
rCold   . . .        (no shield)
rNeg    . . .        a - melded +0 animal skin
rPois   +            (helmet currently unavailable)
rElec   .            (cloak currently unavailable)
rCorr   .            (gloves currently unavailable)
SInv    .            (boots currently unavailable)
Will    .....        (no amulet)
Stlth   ++           (no ring)
HPRegen 1.07/turn    (no ring)
MPRegen 0.10/turn

%: guardian spirit
@: tree-form
A: stationary, stasis, torment immunity, boosted hp, (fangs 2), regeneration 1,
magic shield, (antimagic bite), no potion heal 2
a: Renounce Religion


You were on level 4 of the Dungeon.
You worshipped Ru.
Ru was noncommittal.
You were a tree.
You visited 2 branches of the dungeon, and saw 5 of its levels.

You collected 178 gold pieces.

Inventory:

Hand Weapons
 h - a +0 short sword of freezing
Missiles
 f - 9 javelins
Armour
 a - a +0 animal skin (melded)
Jewellery
 x - a +6 ring of dexterity
Talismans
 c - a beast talisman
 d - a flux talisman
Wands
 n - a wand of polymorph (8)
Scrolls
 e - a scroll of poison {unknown}
 g - 3 scrolls of teleportation {unknown}
 i - a scroll of brand weapon {unknown}
 l - 3 scrolls of enchant weapon {unknown}
 m - 2 scrolls of amnesia {unknown}
 p - 3 scrolls of vulnerability {unknown}
 q - a scroll of fog {unknown}
 s - a scroll of identify {unknown}
 t - a scroll of torment {unknown}
 u - a scroll of summoning {unknown}
 w - a scroll of immolation {unknown}
 y - a scroll of blinking {unknown}
Potions
 j - a potion of resistance {unknown}
 k - 2 potions of heal wounds {unknown}
 o - 2 potions of haste {unknown}
 r - a potion of degeneration {unknown}
 v - a potion of attraction {unknown}
 z - a potion of curing {unknown}
 A - a potion of might {unknown}


   Skills:
 * Level 3.0 Fighting
 + Level 2.4 Dodging
 + Level 2.7 Stealth
 + Level 3.7 Unarmed Combat
 + Level 3.6 Shapeshifting


You had 4 spell levels left.
You didn't know any spells.
Your spell library contained the following spells:

 Spells                   Type           Power      Damage    Failure   Level
 Animate Dead             Necr           0%         N/A       98%         4
 Borgnjor's Vile Clutch   Necr/Erth      0%         N/A       100%        5
 Death Channel            Necr           0%         N/A       100%        6


Dungeon Overview and Level Annotations

Branches:
Dungeon (4/15)             Temple (1/1) D:4

Altars:
Ashenzari
Cheibriados
Dithmenos
Elyvilon
Fedhas
Kikubaaqudgha
Makhleb
Nemelex Xobeh
Okawaru
Qazlal
Ru
Sif Muna
Uskayaw
Wu Jian
Xom
Zin
The Shining One

Shops:
D:3 [

Annotations:
D:3 2 transporters, Wurlitzer's ghost, amateur DEFE


Innate Abilities, Weirdness & Mutations

You are a tree.
Your roots penetrate the ground, keeping you stationary.
You cannot be teleported.
You are immune to unholy pain and torment.
Your maximum health is greatly increased.
Your equipment is partially melded.
((You have extremely sharp teeth.))
Your natural rate of healing is unusually fast.
When hurt, damage is shared between your health and your magic reserves.
((Your bite disrupts and absorbs the magic of your enemies.))
Potions cannot restore your health.


Message History

The orc priest hits you with a +0 trident.
You barely miss the orc priest. Your bite misses the orc priest.
The orc priest invokes the aid of Beogh against you.
You struggle to resist.
The orc priest hits you with a +0 trident.
You hit the orc priest but do no damage.
The orc priest hits you but does no damage.
The orc priest calls down the wrath of Beogh upon you.
Pain shoots through your body!
Unknown command.
Your transformation has ended.
You turn into a tree.
Your +0 animal skin melds into your body.
Your roots penetrate the ground.
The orc priest looks satisfied for a moment.
The orc hits you but does no damage.
The orc priest invokes the aid of Beogh against you.
Beogh smites you!
* * * LOW HITPOINT WARNING * * *
You smack the orc priest!
The orc priest is almost dead.
The orc priest hits you with a +0 short sword.
* * * LOW HITPOINT WARNING * * *
The orc hits you but does no damage.
The orc priest looks encouraged for a moment.
Unknown command.
Okay, then.
You closely miss the orc priest.
The orc priest is almost dead.
The orc priest hits you but does no damage.
The orc hits you but does no damage.
The orc priest hits you but does no damage.
Unknown command.
Unknown command.
You closely miss the orc priest.
The orc priest is almost dead.
The orc priest barely misses you. The orc hits you but does no damage.
The orc priest mumbles some strange prayers to Beogh against you.
Beogh smites you!
You die...

# .. .# ###### .# ......
#####. ##########.##..[.#
.........#.##....######.#
>.######.#.#....o)......#
.......#.#.#....♣#########
...###.#.#.#...ooo........
...................!.....o
.#.###.#.#.#.#.#....######
...# #.........#.##.# .###
###.#.#......#.# ..
...#.#####.$#.# .# #####.#
####+# . ######+##


You could see 2 orc priests and 2 orcs.

Vanquished Creatures
  An orc priest (D:4)
  A sleepcap (D:4)
  An orc wizard (D:4)
  7 adders
  A worm (D:3)
  A dart slug (D:1)
  3 orcs (D:4)
  7 ball pythons
  7 bats
  6 endoplasms
  3 giant cockroaches (D:2)
  6 goblins
  6 hobgoblins
  3 jackals (D:2)
  2 quokkas
  7 frilled lizards
  9 kobolds
  3 rats
74 creatures vanquished.

Notes
Turn   | Place    | Note
-------+----------+-------------------------------------------
     0 | D:1      | runemasterragnar the Vine Stalker Shapeshifter began the
                  | quest for the Orb.
     0 | D:1      | Reached XP level 1. HP: 9/9 MP: 2/2
    54 | D:1      | Reached skill level 1 in Fighting
    77 | D:1      | Reached XP level 2. HP: 12/14 MP: 1/3
    93 | D:1      | Reached skill level 1 in Stealth
   251 | D:1      | Reached XP level 3. HP: 18/18 MP: 4/4
   725 | D:2      | Reached XP level 4. HP: 23/23 MP: 3/5
  1562 | D:3      | Found a transporter.
  1563 | D:3      | Noticed Wurlitzer's ghost (amateur DEFE)
  1572 | D:3      | Reached XP level 5. HP: 27/27 MP: 6/6
  1577 | D:3      | Found a transporter.
  1928 | D:3      | Found Kexighuz's Antique Armour Shoppe.
  2166 | D:4      | Found a staircase to the Ecumenical Temple.
  2181 | Temple   | Entered the Ecumenical Temple
  2202 | Temple   | Became a worshipper of Ru the Awakened
  2301 | D:4      | HP: 1/42 [orc priest/+0 short sword (3)]
  2303 | D:4      | Killed from afar by an orc priest

Illustrated notes

Levels and vault maps discovered:
D:1:      dpeg_arrival_round_c, layout_rooms
D:2:      layout_loops_corners, wander_ebering_terrifying_dragon_lair
D:3:      layout_basic, gammafunk_ghost_arena, serial_shops,
          nicolae_shop_overgrown_old_shop, hangedman_abyss_or_decor_lesser_grid
D:4:      layout_basic, minmay_temple_entry_proselytizer,
          minmay_misc_feat_nine_boxes
Temple:   minmay_crystal_spiral_temple

Skill      XL: |  1  2  3  4  5 |
---------------+----------------+-----
Fighting       | 1 2 3 |  3.0
Stealth        | 1 2 |  2.7
Dodging        | 2 |  2.4
Unarmed Combat | |  3.7
Shapeshifting  | |  3.6

Action                     |  1- 3 |  4- 6 || total
---------------------------+-------+-------++-------
  Melee: Unarmed           |    70 |    96 ||   166
         Bite              |    16 |    25 ||    41
         Punch             |       |     3 ||     3
    Use: Potion            |       |     1 ||     1
   Stab: Sleeping          |     3 |     3 ||     6
 Armour: Animal skin       |    32 |    36 ||    68
         Skin              |       |     7 ||     7
  Dodge: Dodged            |    43 |    55 ||    98

Table legend: (Time is in decaauts)
 A = Elapsed time spent in this place.
 B = Non-inter-level travel time spent in this place.
 C = Inter-level travel time spent in this place.
 D = Time resting spent in this place.
 E = Time spent auto-exploring this place.
 F = Levels seen in this place.
 G = Mean time per level.
                   A        B        C        D        E       F      G
               +--------+--------+--------+--------+--------+-----+--------+
         Total |   2292 |   2244 |     48 |      0 |   1776 |   5 |  458.4 |
       Dungeon |   2257 |   2213 |     44 |      0 |   1776 |   4 |  564.2 |
        Temple |     34 |     30 |      4 |      0 |      0 |   1 |   34.0 |
               +--------+--------+--------+--------+--------+-----+--------+

Top non-repeatable levels by time:
     D:2: 977 daAuts
     D:1: 505 daAuts
     D:3: 456 daAuts
     D:4: 317 daAuts
  Temple: 34 daAuts
